[Event "WSCC 50 Open 2017"]
[Site "?"]
[Date "2017.11.09"]
[Round "3"]
[White "Reprintsev, Alexander"]
[Black "Vebic, Kasem"]
[Result "1-0"]
[ECO "B02"]
[WhiteElo "2361"]
[BlackElo "2118"]
[PlyCount "53"]
[EventDate "2017.??.??"]
[EventType "swiss"]
[EventCountry "ITA"]
[SourceTitle "Acqui Terme"]
[TimeControl "40/5400+30:1800+30"]
[WhiteClock "0:37:20"]
[BlackClock "0:00:51"]

1. e4 Nf6 2. e5 Nd5 3. c4 Nb6 4. Nc3 d6 5. exd6 cxd6 6. d4 Nc6 7. Be3 Bf5 8. Nf3 Qc8 9. d5 Nb4 10. Nd4 Bg6 11. a3 Na6 12. Rc1 Nc5 13. b4 Ne4 14. Nxe4 Bxe4 15. Nb5 Qd8 16. Qd4 Bf5 17. c5 dxc5 18. Qe5 Nxd5 19. Qxd5 Qxd5 20. Nc7+ Kd8 21. Nxd5 e6 22. Bg5+ f6 23. Nxf6 h6 24. Bh4 cxb4 25. g4 Be7 26. gxf5 gxf6 27. Bc4 1-0

[Event "WSCC 50 Open 2017"]
[Site "?"]
[Date "2017.11.09"]
[Round "3"]
[White "Petran, Peter"]
[Black "Vaglio Munoz, Jaime"]
[Result "1/2-1/2"]
[ECO "A00"]
[WhiteElo "2330"]
[BlackElo "2170"]
[PlyCount "110"]
[EventDate "2017.??.??"]
[EventType "swiss"]
[EventCountry "ITA"]
[SourceTitle "Acqui Terme"]
[TimeControl "40/5400+30:1800+30"]
[WhiteClock "0:26:40"]
[BlackClock "0:45:26"]

1. g3 e5 2. c4 Nf6 3. Bg2 Bc5 4. Nc3 O-O 5. e3 Re8 6. Nge2 Nc6 7. d3 d6 8. O-O Bg4 9. h3 Bf5 10. a3 a5 11. Kh2 h6 12. Rb1 Qd7 13. Nd5 Nxd5 14. cxd5 Ne7 15. e4 Bh7 16. f4 c6 17. f5 f6 18. b4 axb4 19. axb4 Bb6 20. dxc6 bxc6 21. d4 Red8 22. g4 Qa7 23. Bb2 Qa4 24. Qd2 Rab8 25. Rfd1 Bc7 26. Bc3 Kf8 27. Kh1 Bg8 28. d5 Qb5 29. Ng3 Bf7 30. Rbc1 Ra8 31. Bf1 Qb6 32. Bg2 Ra3 33. Ra1 Rda8 34. Rxa3 Rxa3 35. Qb2 Qa7 36. dxc6 Nxc6 37. Ra1 Rxa1+ 38. Qxa1 Qxa1+ 39. Bxa1 Nxb4 40. Bc3 Nd3 41. Bf1 Nc5 42. Bb4 Bb6 43. Bb5 Bb3 44. Bc6 Bc4 45. Kg2 Bc7 46. Kf3 Na6 47. Ba3 Nb8 48. Bb7 Nd7 49. Ne2 Bxe2+ 50. Kxe2 Ke7 51. Bc6 Nb6 52. Kd3 Bb8 53. Bb4 Nc8 54. Ba5 Na7 55. Ba4 Nc8 1/2-1/2

[Event "WSCC 50 Open 2017"]
[Site "?"]
[Date "2017.11.09"]
[Round "3"]
[White "Certek, Pavel"]
[Black "Verrascina, Roberto"]
[Result "1-0"]
[ECO "A40"]
[WhiteElo "2295"]
[BlackElo "2152"]
[PlyCount "101"]
[EventDate "2017.??.??"]
[EventType "swiss"]
[EventCountry "ITA"]
[SourceTitle "Acqui Terme"]
[TimeControl "40/5400+30:1800+30"]

1. d4 g6 2. Nf3 Bg7 3. g3 Nf6 4. Bg2 O-O 5. O-O d6 6. b3 e5 7. dxe5 Ng4 8. Bb2 Nd7 9. Qd2 Ngxe5 10. Nxe5 Nxe5 11. c4 Qe7 12. Nc3 c6 13. Rad1 Rd8 14. Ba3 Bf8 15. Ne4 Bf5 16. Nxd6 Qe6 17. c5 Rd7 18. f4 Ng4 19. e4 Bxe4 20. Bxe4 Bxd6 21. cxd6 Qxe4 22. Rde1 Qf5 23. h3 Nf6 24. Kh2 Re8 25. g4 Qd5 26. Qxd5 cxd5 27. Rxe8+ Nxe8 28. Rd1 f6 29. Rxd5 Kf7 30. f5 Ng7 31. Kg3 Ne8 32. Kf4 Ng7 33. Ra5 a6 34. Rd5 Ne8 35. Ke4 Kg7 36. Rd2 Kf7 37. Rd3 Ng7 38. Rc3 Ne8 39. Rc8 Ng7 40. Rh8 h5 41. Rh6 gxf5+ 42. gxf5 Rd8 43. Kf4 b5 44. Bc5 Ne8 45. Rxh5 Nxd6 46. Rh7+ Kg8 47. Ra7 b4 48. Rxa6 Nb7 49. Be7 Rd4+ 50. Ke3 Rh4 51. Ra7 1-0

[Event "WSCC 50 Open 2017"]
[Site "?"]
[Date "2017.11.09"]
[Round "3"]
[White "Chapman, Terry P D"]
[Black "Contin, Daniel"]
[Result "1/2-1/2"]
[ECO "B38"]
[WhiteElo "2196"]
[BlackElo "2272"]
[PlyCount "140"]
[EventDate "2017.??.??"]
[EventType "swiss"]
[EventCountry "ITA"]
[SourceTitle "Acqui Terme"]
[TimeControl "40/5400+30:1800+30"]
[WhiteClock "0:02:34"]
[BlackClock "0:08:28"]

1. Nf3 c5 2. c4 Nc6 3. d4 cxd4 4. Nxd4 g6 5. e4 Bg7 6. Be3 Nf6 7. Nc3 O-O 8. Be2 d6 9. O-O Bd7 10. Re1 Rc8 11. Rc1 Ne5 12. b3 Neg4 13. Bg5 Qb6 14. Bh4 Bh6 15. Rb1 Qa5 16. Nd5 Nxd5 17. exd5 Nf6 18. Bf3 Rfe8 19. Re2 g5 20. Qc1 e5 21. dxe6 fxe6 22. b4 Qd8 23. Bxg5 Bxg5 24. Qxg5+ Kh8 25. Nb5 Rg8 26. Qd2 Bxb5 27. cxb5 Qe7 28. Qe3 e5 29. Qxa7 Rc3 30. Re3 Rc7 31. g3 d5 32. Rd1 Qd6 33. Qa3 Rc4 34. Qb2 d4 35. a3 Rgc8 36. Bxb7 Rc2 37. Qb1 R8c4 38. Bg2 dxe3 39. Rxd6 exf2+ 40. Kf1 Ng4 41. Rd8+ Kg7 42. Rd7+ Kf8 43. Rd8+ Ke7 44. Rd2 Rc1+ 45. Qxc1 Rxc1+ 46. Ke2 Re1+ 47. Kf3 e4+ 48. Kxg4 e3 49. Rd4 e2 50. Re4+ Kd6 51. Rxe2 Rxe2 52. Kf3 Ra2 53. a4 Rxa4 54. Kxf2 Ra2+ 55. Kf3 Rb2 56. h4 Rxb4 57. Bf1 Ke5 58. Be2 Rb3+ 59. Kg4 Re3 60. Bf1 Rb3 61. Be2 Kd4 62. Kf4 Rb4 63. g4 Rb2 64. Bf3 Rxb5 65. g5 Rb1 66. h5 Rg1 67. Be4 Rf1+ 68. Bf3 Rg1 69. Be4 Rf1+ 70. Bf3 Rd1 1/2-1/2

[Event "WSCC 50 Open 2017"]
[Site "?"]
[Date "2017.11.09"]
[Round "3"]
[White "Grant, Jonathan I M"]
[Black "Bagaturov, Giorgi"]
[Result "0-1"]
[ECO "D51"]
[WhiteElo "2179"]
[BlackElo "2399"]
[PlyCount "149"]
[EventDate "2017.??.??"]
[EventType "swiss"]
[EventCountry "ITA"]
[SourceTitle "Acqui Terme"]
[TimeControl "40/5400+30:1800+30"]
[WhiteClock "0:00:36"]
[BlackClock "0:02:52"]

1. c4 e6 2. Nc3 d5 3. d4 Nf6 4. Bg5 Nbd7 5. cxd5 exd5 6. e3 Be7 7. Bd3 O-O 8. Qc2 b6 9. Nge2 Bb7 10. Ng3 c5 11. Nf5 cxd4 12. exd4 g6 13. Nxe7+ Qxe7+ 14. Kf1 Qb4 15. Ne2 Rac8 16. Qd2 Qd6 17. Qf4 Qe6 18. h4 Rfe8 19. Rh3 Nh5 20. Qd2 Ndf6 21. Nf4 Qd7 22. Nxh5 Nxh5 23. Be2 Ng7 24. h5 Bc6 25. Kg1 Bb5 26. Bf3 Qf5 27. hxg6 fxg6 28. Qf4 Qxf4 29. Bxf4 Rcd8 30. Be5 Bd3 31. Rc1 Bf5 32. g4 Be6 33. Rc7 Rd7 34. Rxd7 Bxd7 35. Bxd5+ Be6 36. Bxe6+ Nxe6 37. Ra3 Re7 38. Kf1 Kf7 39. d5 Ng5 40. f4 Ne4 41. Rd3 Nc5 42. Rh3 Ke8 43. Rc3 Rd7 44. d6 a5 45. Kg2 Rf7 46. Kf3 Kd7 47. Ke3 h5 48. f5 gxf5 49. gxh5 Rh7 50. Kf4 Rxh5 51. Rg3 Kc6 52. Ke3 Rh1 53. Rf3 Rh5 54. Bf4 Rh4 55. Rf2 Rh3+ 56. Rf3 Rxf3+ 57. Kxf3 Ne4 58. Be3 Nxd6 59. Kf4 b5 60. Bd4 Kd5 61. Bc3 b4 62. Bf6 Kc4 63. b3+ Kd3 64. Ke5 Nb7 65. Kxf5 Kc2 66. Ke4 Kb1 67. Kd3 Kxa2 68. Kc4 Nd6+ 69. Kd5 Kxb3 70. Kxd6 Kc4 71. Ke5 a4 72. Ke4 a3 73. Ke3 Kb3 74. Kd2 Ka2 75. Be7 0-1

[Event "WSCC 50 Open 2017"]
[Site "?"]
[Date "2017.11.09"]
[Round "3"]
[White "Chan, Peng Kong"]
[Black "Buchal, Stephan"]
[Result "0-1"]
[ECO "A10"]
[WhiteElo "2172"]
[BlackElo "2347"]
[PlyCount "80"]
[EventDate "2017.??.??"]
[EventType "swiss"]
[EventCountry "ITA"]
[SourceTitle "Acqui Terme"]
[TimeControl "40/5400+30:1800+30"]
[WhiteClock "0:21:53"]
[BlackClock "0:02:01"]

1. c4 g6 2. g3 Bg7 3. Bg2 d6 4. Nc3 e5 5. e3 Nc6 6. Nge2 h5 7. d3 h4 8. Nd5 Nce7 9. Rb1 c6 10. Nxe7 Nxe7 11. Qd2 Be6 12. b3 Qd7 13. Ba3 Rd8 14. Nc3 Bh3 15. Bf3 Qf5 16. Qe2 e4 17. Nxe4 Qa5+ 18. Qd2 Qxa3 19. g4 f5 20. Ng5 fxg4 21. Nxh3 gxh3 22. d4 O-O 23. Bg4 c5 24. d5 Rf6 25. O-O Qb4 26. Qc2 Nf5 27. Bxh3 Re8 28. Rbd1 Rf7 29. Rd3 Qa3 30. Rb1 Qa5 31. Rbd1 Qd8 32. Kh1 Qe7 33. Rg1 Qe4+ 34. Bg2 Qe5 35. Qd1 Kh7 36. Qg4 Qf6 37. Rd2 Nh6 38. Qh3 g5 39. Bf1 g4 40. Bd3+ Kh8 0-1

[Event "WSCC 50 Open 2017"]
[Site "?"]
[Date "2017.11.10"]
[Round "4"]
[White "Buchal, Stephan"]
[Black "Baimurzin, Aitkazy"]
[Result "1/2-1/2"]
[ECO "A11"]
[WhiteElo "2347"]
[BlackElo "2170"]
[PlyCount "115"]
[EventDate "2017.??.??"]
[EventType "swiss"]
[EventCountry "ITA"]
[SourceTitle "Acqui Terme"]
[TimeControl "40/5400+30:1800+30"]
[WhiteClock "0:00:54"]
[BlackClock "0:05:43"]

1. e4 a6 2. d4 b5 3. Nf3 Bb7 4. Bd3 Nf6 5. Qe2 e6 6. a4 b4 7. Nbd2 d6 8. O-O Be7 9. e5 Nd5 10. Ne4 Nd7 11. Bd2 h6 12. c4 bxc3 13. bxc3 dxe5 14. Rfb1 Qc8 15. dxe5 a5 16. Ng3 Nc5 17. Bb5+ Kf8 18. Nd4 c6 19. Bc4 Qc7 20. f4 g6 21. Rf1 Nb6 22. Ba2 Ba6 23. c4 Nd5 24. Nb5 cxb5 25. cxd5 b4 26. Qf3 exd5 27. Qxd5 Bd8 28. Rfc1 Bb7 29. Qxc5+ Qxc5+ 30. Rxc5 Bb6 31. Be3 Kg7 32. Nf1 Bxc5 33. Bxc5 Rhc8 34. Bf2 Rc3 35. e6 f6 36. Rd1 Bc6 37. Bd5 Bxa4 38. Bxa8 Bxd1 39. Ne3 Rc1 40. Be1 Bb3 41. Kf2 Bxe6 42. Bd2 Rc8 43. Be4 Rb8 44. Nc2 f5 45. Bd3 Kf7 46. Ke3 b3 47. Na3 a4 48. Bc3 b2 49. Nb1 Ba2 50. Bc2 Ke7 51. Be5 Bxb1 52. Bxb1 Rb3+ 53. Kd2 a3 54. Kc2 Rb6 55. Bc3 Kd6 56. Ba2 Kc5 57. Bg7 h5 58. Bf8+ 1/2-1/2

[Event "WSCC 50 Open 2017"]
[Site "?"]
[Date "2017.11.10"]
[Round "4"]
[White "Jhunjhnuwala, Krishan"]
[Black "Madeira, Wagner Martins"]
[Result "1/2-1/2"]
[ECO "B01"]
[WhiteElo "2340"]
[BlackElo "2139"]
[PlyCount "86"]
[EventDate "2017.??.??"]
[EventType "swiss"]
[EventCountry "ITA"]
[SourceTitle "Acqui Terme"]
[TimeControl "40/5400+30:1800+30"]
[WhiteClock "0:30:00"]
[BlackClock "0:23:54"]

1. e4 d5 2. exd5 Nf6 3. d4 Nxd5 4. c4 Nb6 5. Nc3 g6 6. h3 Bg7 7. Nf3 O-O 8. Be2 Nc6 9. Be3 e5 10. d5 Ne7 11. a4 Nf5 12. Bg5 f6 13. Bc1 Re8 14. a5 Nd7 15. Ne4 Nd6 16. Nxd6 cxd6 17. O-O f5 18. Re1 Qf6 19. Ra2 h6 20. b4 Nf8 21. Bf1 Bd7 22. c5 g5 23. a6 bxa6 24. Rxa6 e4 25. Rxd6 Qa1 26. Nd2 Ba4 27. Qe2 Rab8 28. Nc4 Bb5 29. Qc2 Ba4 30. Qe2 Bb5 31. Bb2 Qxb2 32. Qxb2 Bxb2 33. Nxb2 Bxf1 34. Kxf1 Rxb4 35. Nd1 f4 36. Rxh6 Rc4 37. c6 Rd8 38. Nb2 Rc2 39. Rxe4 Rxd5 40. Re2 Rc1+ 41. Re1 Rc2 42. Re2 Rc1+ 43. Re1 Rc2 1/2-1/2

[Event "WSCC 50 Open 2017"]
[Site "?"]
[Date "2017.11.10"]
[Round "4"]
[White "Brendel, Oliver"]
[Black "Chapman, Terry P D"]
[Result "1-0"]
[ECO "A13"]
[WhiteElo "2334"]
[BlackElo "2196"]
[PlyCount "52"]
[EventDate "2017.??.??"]
[EventType "swiss"]
[EventCountry "ITA"]
[SourceTitle "Acqui Terme"]
[TimeControl "40/5400+30:1800+30"]
[WhiteClock "0:10:33"]
[BlackClock "0:02:29"]

1. c4 Nf6 2. g3 e6 3. Bg2 d5 4. Nf3 dxc4 5. Na3 Bxa3 6. bxa3 Nc6 7. Bb2 O-O 8. Rc1 Qd6 9. Bxf6 gxf6 10. Rxc4 e5 11. Qb1 f5 12. d3 Be6 13. Rh4 f6 14. O-O Rab8 15. Qb2 b6 16. Rc1 Na5 17. Bh3 c5 18. Rh5 Bf7 19. Rh6 Bg6 20. Nh4 Kg7 21. Rh5 Kg8 22. Nxf5 Bxf5 23. Bxf5 Rf7 24. Qd2 Re8 25. Qh6 Ree7 26. Rg5+ Rg7 1-0

[Event "WSCC 50 Open 2017"]
[Site "?"]
[Date "2017.11.10"]
[Round "4"]
[White "Mantovani, Renzo"]
[Black "Grant, Jonathan I M"]
[Result "1/2-1/2"]
[ECO "E11"]
[WhiteElo "2307"]
[BlackElo "2179"]
[PlyCount "116"]
[EventDate "2017.??.??"]
[EventType "swiss"]
[EventCountry "ITA"]
[SourceTitle "Acqui Terme"]
[TimeControl "40/5400+30:1800+30"]
[WhiteClock "0:05:50"]
[BlackClock "0:02:56"]

1. d4 Nf6 2. c4 e6 3. Nf3 Bb4+ 4. Bd2 a5 5. g3 b6 6. Bg2 Ba6 7. Qc2 d5 8. Ne5 O-O 9. O-O Ra7 10. Rd1 Bb7 11. cxd5 exd5 12. Nc3 c6 13. Rac1 h6 14. Bf4 Re8 15. Bf3 Nbd7 16. a3 Bf8 17. h4 Nxe5 18. Bxe5 Bd6 19. Bxd6 Qxd6 20. e3 Raa8 21. Kg2 Re7 22. Na4 Qd8 23. Qb3 b5 24. Nc5 a4 25. Nxb7 Rxb7 26. Qb4 Ra6 27. Rd2 Qe7 28. Qxe7 Rxe7 29. Rdc2 Re6 30. Kf1 h5 31. Ke2 g6 32. Kd3 Kf8 33. Bg2 Ke7 34. Bh3 Ng4 35. Bxg4 hxg4 36. Rf1 Ra8 37. f3 gxf3 38. Rxf3 Rh8 39. Rf4 f5 40. Rh2 Re4 41. Rxe4+ dxe4+ 42. Kc3 Kd6 43. Rf2 Rh7 44. Kb4 Rh8 45. Rc2 g5 46. Rc5 gxh4 47. gxh4 Rxh4 48. Rxf5 Rh2 49. Rf6+ Kc7 50. b3 axb3 51. Kxb3 Re2 52. Re6 Rxe3+ 53. Kb4 Kd7 54. Re5 Re1 55. a4 e3 56. axb5 e2 57. bxc6+ Kxc6 58. Kc3 Rc1+ 1/2-1/2

[Event "WSCC 50 Open 2017"]
[Site "?"]
[Date "2017.11.10"]
[Round "4"]
[White "Tofan, Ibrahim"]
[Black "Certek, Pavel"]
[Result "0-1"]
[ECO "B20"]
[WhiteElo "2235"]
[BlackElo "2295"]
[PlyCount "121"]
[EventDate "2017.??.??"]
[EventType "swiss"]
[EventCountry "ITA"]
[SourceTitle "Acqui Terme"]
[TimeControl "40/5400+30:1800+30"]
[WhiteClock "0:01:01"]
[BlackClock "0:12:55"]

1. e4 c5 2. b3 g6 3. Bb2 Nf6 4. g3 Bg7 5. Bg2 d6 6. Ne2 Nc6 7. O-O Bd7 8. d4 cxd4 9. Nxd4 O-O 10. c4 Nxd4 11. Bxd4 Bc6 12. Nc3 Qa5 13. Nd5 Bxd5 14. exd5 Nd7 15. Bxg7 Kxg7 16. Re1 Rfe8 17. Qd4+ Nf6 18. Re2 b5 19. cxb5 Qxb5 20. Rae1 Qb6 21. Qf4 Ng8 22. h4 a5 23. h5 Qb4 24. Re4 Qc3 25. R1e3 Qb2 26. Re2 Qc3 27. Re1 Qb2 28. R4e2 Qc3 29. Bh3 Ra7 30. Rc1 Qf6 31. Qe3 Rb7 32. Rc4 Rb4 33. Bd7 Reb8 34. Rc7 R8b7 35. Rxb7 Rxb7 36. Bc6 Rb4 37. Kg2 Qd4 38. a3 Qxe3 39. Rxe3 Rb6 40. hxg6 hxg6 41. Rc3 e6 42. Kf3 Ne7 43. Ke4 f5+ 44. Kd4 e5+ 45. Kd3 Kf6 46. f4 g5 47. Ke3 Rb8 48. Kf3 gxf4 49. gxf4 Rc8 50. Rc4 Ng6 51. b4 axb4 52. Rxb4 Nxf4 53. a4 Rh8 54. a5 Rh3+ 55. Kf2 Ra3 56. Ra4 Rxa4 57. Bxa4 Nxd5 58. a6 Nc7 59. a7 e4 60. Ke2 Ke5 61. Kd2 0-1

[Event "WSCC 50 Open 2017"]
[Site "?"]
[Date "2017.11.10"]
[Round "4"]
[White "Koehler, Gerhard"]
[Black "Petran, Peter"]
[Result "1-0"]
[ECO "A10"]
[WhiteElo "2207"]
[BlackElo "2330"]
[PlyCount "161"]
[EventDate "2017.??.??"]
[EventType "swiss"]
[EventCountry "ITA"]
[SourceTitle "Acqui Terme"]
[TimeControl "40/5400+30:1800+30"]
[WhiteClock "0:04:39"]
[BlackClock "0:01:11"]

1. c4 g6 2. Nc3 Bg7 3. d4 c5 4. e3 cxd4 5. exd4 Nf6 6. Nf3 O-O 7. Bg5 h6 8. Bf4 d5 9. Qd2 Kh7 10. Bd3 Nc6 11. O-O Bg4 12. Ne5 dxc4 13. Nxc6 bxc6 14. Bxc4 Nd7 15. h3 Nb6 16. Bb3 Bf5 17. Rad1 Qd7 18. Be5 Rad8 19. Qe2 Nd5 20. Rfe1 Rfe8 21. Nxd5 cxd5 22. Bxg7 Kxg7 23. Qa6 Qc7 24. Rc1 Qb8 25. Qa5 e6 26. Rc5 Qf4 27. Rd1 Be4 28. Qd2 Qb8 29. f3 Bxf3 30. gxf3 Rc8 31. Qh2 Qb4 32. Qe5+ Kg8 33. Qe3 Rxc5 34. dxc5 Rc8 35. Rc1 d4 36. Qe5 d3 37. Qe3 d2 38. Rd1 Rxc5 39. Rxd2 Kh7 40. Kh2 Qb8+ 41. f4 Rf5 42. Rf2 a5 43. Bc2 Rb5 44. b3 Qc7 45. Be4 Rc5 46. Qd4 f5 47. Bg2 e5 48. fxe5 Rxe5 49. Kg1 h5 50. Qf4 Qc5 51. Kh2 Re1 52. Rf1 Re7 53. Rc1 Qa3 54. Rc8 Qb2 55. Rc7 Qg7 56. Rc5 Re2 57. Rc7 Re7 58. Rc2 Qf6 59. Rd2 g5 60. Qd4 Qxd4 61. Rxd4 Re2 62. Ra4 Re5 63. h4 Kg6 64. hxg5 Kxg5 65. Kg3 Rc5 66. Rc4 Re5 67. Kf3 Rd5 68. Kg3 Rd3+ 69. Kh2 Rd2 70. Ra4 f4 71. Rxa5+ Kg4 72. Kg1 f3 73. Bf1 h4 74. Ra8 f2+ 75. Kh2 Rb2 76. a4 Rxb3 77. a5 Rb1 78. Bh3+ Kh5 79. a6 f1=Q 80. Bxf1 Rxf1 81. a7 1-0

[Event "WSCC 50 Open 2017"]
[Site "?"]
[Date "2017.11.10"]
[Round "4"]
[White "Van den Bersselaar, Jeroen"]
[Black "Welling, Gerard"]
[Result "1/2-1/2"]
[ECO "E09"]
[WhiteElo "2189"]
[BlackElo "2316"]
[PlyCount "65"]
[EventDate "2017.??.??"]
[EventType "swiss"]
[EventCountry "ITA"]
[SourceTitle "Acqui Terme"]
[TimeControl "40/5400+30:1800+30"]

1. d4 d5 2. Nf3 Nf6 3. c4 c6 4. Nbd2 e6 5. g3 Be7 6. Bg2 O-O 7. O-O Nbd7 8. Qc2 b6 9. e4 Bb7 10. e5 Ne8 11. Re1 Nc7 12. b3 c5 13. a4 a5 14. Ba3 Na6 15. Rad1 Nb4 16. Qb1 Qc7 17. Bb2 Rac8 18. h4 Rfd8 19. Kh2 cxd4 20. Bxd4 dxc4 21. Nxc4 Bd5 22. Ne3 Bxf3 23. Bxf3 Bc5 24. Nc4 Nf8 25. Bxc5 Qxc5 26. Kg2 Nd5 27. Rd3 Qb4 28. Nd6 Rc3 29. Re4 Qa3 30. Re1 Qb4 31. Re4 Qa3 32. Re1 Qb4 33. Re4 1/2-1/2

[Event "WSCC 50 Open 2017"]
[Site "?"]
[Date "2017.11.11"]
[Round "5"]
[White "Reprintsev, Alexander"]
[Black "Vaglio Munoz, Jaime"]
[Result "1-0"]
[ECO "B10"]
[WhiteElo "2361"]
[BlackElo "2170"]
[PlyCount "53"]
[EventDate "2017.??.??"]
[EventType "swiss"]
[EventCountry "ITA"]
[SourceTitle "Acqui Terme"]
[TimeControl "40/5400+30:1800+30"]
[WhiteClock "1:00:54"]
[BlackClock "0:26:55"]

1. e4 c6 2. b3 Qa5 3. Bb2 Nf6 4. e5 Ng8 5. Nf3 d5 6. exd6 exd6 7. Bd3 Be6 8. O-O Nd7 9. Nd4 O-O-O 10. Re1 Ngf6 11. Nxe6 fxe6 12. Rxe6 Qg5 13. Qf3 d5 14. Qg3 Qxg3 15. hxg3 Bc5 16. Nc3 Kc7 17. Rae1 h5 18. Na4 Bd6 19. Bf5 b5 20. Nc3 h4 21. g4 g6 22. Bxg6 Rhg8 23. Nxb5+ cxb5 24. Bxf6 Rdf8 25. Bxh4 Rc8 26. Bf5 Rh8 27. Rxd6 1-0

[Event "WSCC 50 Open 2017"]
[Site "?"]
[Date "2017.11.11"]
[Round "5"]
[White "Jhunjhnuwala, Krishan"]
[Black "Fritsch, Rolf"]
[Result "*"]
[ECO "B06"]
[WhiteElo "2340"]
[BlackElo "2213"]
[PlyCount "104"]
[EventDate "2017.??.??"]
[EventType "swiss"]
[EventCountry "ITA"]
[SourceTitle "Acqui Terme"]
[TimeControl "40/5400+30:1800+30"]

1. e4 g6 2. d4 Bg7 3. Nc3 d6 4. Bc4 e6 5. Nf3 a6 6. a4 b6 7. O-O Ne7 8. Re1 h6 9. Bf4 O-O 10. Qd2 Kh7 11. Rad1 Bb7 12. h4 Nd7 13. Bd3 e5 14. dxe5 Nxe5 15. Nxe5 dxe5 16. Bg3 Qd4 17. Kh2 h5 18. Bf1 Bc6 19. f3 Qxd2 20. Rxd2 Bh6 21. Rdd1 f6 22. b4 Rfd8 23. Rxd8 Rxd8 24. Bxa6 Ra8 25. Bb5 Bd2 26. Rd1 Bxb5 27. Rxd2 Be8 28. b5 Kg7 29. f4 exf4 30. Bxf4 Kf7 31. Rd4 Ke6 32. Nd5 Nxd5 33. exd5+ Kd7 34. d6 c6 35. Re4 cxb5 36. axb5 Ra5 37. c4 Ra4 38. Re7+ Kd8 39. Be3 Bd7 40. Bxb6+ Kc8 41. c5 Rxh4+ 42. Kg1 Bxb5 43. c6 Bxc6 44. Rc7+ Kd8 45. Rxc6+ Kd7 46. Bf2 Ra4 47. Rb6 Rc4 48. Bg3 h4 49. Bh2 Rc1+ 50. Kf2 Rc2+ 51. Kf3 h3 52. Rb7+ Ke8 *

[Event "WSCC 50 Open 2017"]
[Site "?"]
[Date "2017.11.11"]
[Round "5"]
[White "Welling, Gerard"]
[Black "Verrascina, Roberto"]
[Result "1-0"]
[ECO "B02"]
[WhiteElo "2316"]
[BlackElo "2152"]
[PlyCount "51"]
[EventDate "2017.??.??"]
[EventType "swiss"]
[EventCountry "ITA"]
[SourceTitle "Acqui Terme"]
[TimeControl "40/5400+30:1800+30"]
[WhiteClock "0:35:30"]
[BlackClock "0:19:32"]

1. e4 Nf6 2. d3 d5 3. e5 Nfd7 4. f4 e6 5. Nf3 c5 6. Be2 f6 7. O-O Nc6 8. c3 fxe5 9. fxe5 Ndxe5 10. Nxe5 Nxe5 11. d4 Nc6 12. Bd3 g6 13. Qg4 Be7 14. Bh6 cxd4 15. Qf4 Qb6 16. Bg7 dxc3+ 17. Kh1 cxb2 18. Bxh8 bxa1=Q 19. Bxa1 Kd7 20. Qf7 Qe3 21. Bb5 a6 22. Bxc6+ bxc6 23. Bf6 Qc5 24. Qxh7 Rb8 25. Nd2 Ke8 26. Bxe7 1-0

[Event "WSCC 50 Open 2017"]
[Site "?"]
[Date "2017.11.11"]
[Round "5"]
[White "Prasad, Devaki V"]
[Black "Vepkhvishvili, Varlam"]
[Result "1-0"]
[ECO "C50"]
[WhiteElo "2290"]
[BlackElo "2048"]
[PlyCount "77"]
[EventDate "2017.??.??"]
[EventType "swiss"]
[EventCountry "ITA"]
[SourceTitle "Acqui Terme"]
[TimeControl "40/5400+30:1800+30"]
[WhiteClock "0:07:10"]
[BlackClock "0:27:39"]

1. e4 e5 2. Nf3 Nc6 3. Bc4 Be7 4. d4 d6 5. dxe5 dxe5 6. Qxd8+ Bxd8 7. Nc3 Nf6 8. Be3 h6 9. h3 O-O 10. O-O-O a6 11. g4 g5 12. Rdg1 Kg7 13. h4 b5 14. hxg5 hxg5 15. Bd5 Nxd5 16. exd5 Na5 17. Nxe5 b4 18. Ne2 Bb7 19. Ng3 Bxd5 20. Nf5+ Kg8 21. Rh6 Re8 22. Nd7 Re6 23. Bd4 Rxh6 24. Nxh6+ Kh7 25. Rg3 f6 26. Rh3 Kg6 27. Nf5 Be4 28. Rh6+ Kf7 29. Rh7+ Kg8 30. Rg7+ Kh8 31. Nxf6 Bxf6 32. Bxf6 Bxf5 33. Rxc7+ Kg8 34. gxf5 g4 35. Be7 Rb8 36. f6 Nb7 37. Bxb4 Nd8 38. Rg7+ Kh8 39. Bc3 1-0

[Event "WSCC 50 Open 2017"]
[Site "?"]
[Date "2017.11.11"]
[Round "5"]
[White "Baimurzin, Aitkazy"]
[Black "Brendel, Oliver"]
[Result "*"]
[ECO "A22"]
[WhiteElo "2170"]
[BlackElo "2334"]
[PlyCount "99"]
[EventDate "2017.??.??"]
[EventType "swiss"]
[EventCountry "ITA"]
[SourceTitle "Acqui Terme"]
[TimeControl "40/5400+30:1800+30"]
[WhiteClock "0:11:46"]
[BlackClock "0:14:18"]

1. c4 e5 2. Nc3 Nf6 3. g3 d5 4. cxd5 Nxd5 5. Bg2 Nb6 6. Nf3 Nc6 7. a3 a5 8. d3 Be7 9. Be3 O-O 10. Rc1 Be6 11. Na4 e4 12. Nd2 Nxa4 13. Qxa4 exd3 14. exd3 Ne5 15. O-O Nxd3 16. Rc3 Bf6 17. Rc2 c6 18. Ne4 Nxb2 19. Rxb2 Bxb2 20. Bc5 Qd3 21. Bxf8 Kxf8 22. Nc5 Qc4 23. Nxe6+ Qxe6 24. Rb1 b5 25. Qc2 Bd4 26. Qxc6 Rb8 27. Qc7 Qb6 28. Qf4 Rd8 29. Bf1 b4 30. axb4 axb4 31. Bc4 Bf6 32. Ba2 Rd4 33. Qe3 Qa7 34. Bb3 Rd7 35. Qe4 Bc3 36. Qxh7 g6 37. Qh6+ Bg7 38. Qf4 Qd4 39. Qb8+ Rd8 40. Qb7 Rd7 41. Qa8+ Rd8 42. Qf3 Qf6 43. Qg4 Qe7 44. h4 Bc3 45. Kg2 Rd2 46. Qc8+ Kg7 47. Qc4 Qb7+ 48. Kg1 Bd4 49. Rd1 Bxf2+ 50. Kh2 *

[Event "WSCC 50 Open 2017"]
[Site "?"]
[Date "2017.11.11"]
[Round "5"]
[White "Biro, Sandor"]
[Black "Buchal, Stephan"]
[Result "1/2-1/2"]
[ECO "B00"]
[WhiteElo "2168"]
[BlackElo "2347"]
[PlyCount "30"]
[EventDate "2017.??.??"]
[EventType "swiss"]
[EventCountry "ITA"]
[SourceTitle "Acqui Terme"]
[TimeControl "40/5400+30:1800+30"]
[WhiteClock "0:57:19"]
[BlackClock "0:37:41"]

1. e4 d6 2. Nf3 Nf6 3. c3 g6 4. Bd3 Bg7 5. Bc2 O-O 6. d4 e5 7. O-O Nbd7 8. Na3 b6 9. Re1 Bb7 10. Bg5 h6 11. Bh4 Qe8 12. Nb5 Qb8 13. c4 exd4 14. Nfxd4 Re8 15. Nc3 Nc5 1/2-1/2

[Event "WSCC 50 Open 2017"]
[Site "?"]
[Date "2017.11.11"]
[Round "5"]
[White "Madeira, Wagner Martins"]
[Black "Contin, Daniel"]
[Result "*"]
[ECO "C15"]
[WhiteElo "2139"]
[BlackElo "2272"]
[PlyCount "113"]
[EventDate "2017.??.??"]
[EventType "swiss"]
[EventCountry "ITA"]
[SourceTitle "Acqui Terme"]
[TimeControl "40/5400+30:1800+30"]
[WhiteClock "0:01:08"]
[BlackClock "0:28:14"]

1. e4 e6 2. d4 d5 3. Nc3 Bb4 4. exd5 exd5 5. Bd3 Nc6 6. a3 Bxc3+ 7. bxc3 Nce7 8. Qe2 Nf6 9. Bg5 Ne4 10. Bxe4 dxe4 11. Qxe4 f6 12. Bd2 O-O 13. Ne2 Bf5 14. Qxb7 Bxc2 15. O-O c6 16. Nf4 Rf7 17. Rfe1 a5 18. Ne6 Qc8 19. Qxc8+ Rxc8 20. c4 a4 21. Bb4 Nf5 22. Rac1 Bb3 23. Bc5 Rd7 24. f4 Kf7 25. g4 Nh6 26. h3 Re8 27. f5 g6 28. fxg6+ hxg6 29. Nf4 Rxe1+ 30. Rxe1 Bxc4 31. Kf2 g5 32. Nh5 Rb7 33. Bb4 f5 34. Ng3 fxg4 35. Ne4 Rd7 36. Nd6+ Rxd6 37. Bxd6 Nf5 38. Be5 gxh3 39. Rg1 Ke6 40. Rxg5 c5 41. Rh5 cxd4 42. Bf4 Bb3 43. Rxh3 Kd5 44. Ke2 Ke4 45. Bc1 Bc2 46. Kd2 Bb3 47. Bb2 Kd5 48. Rh5 Ke4 49. Rh8 Kd5 50. Rd8+ Kc5 51. Rc8+ Kd5 52. Rd8+ Kc5 53. Rc8+ Kd5 54. Rd8+ Kc6 55. Rc8+ Kd5 56. Rd8+ Kc6 57. Rxd4 *

[Event "WSCC 50 Open 2017"]
[Site "?"]
[Date "2017.11.12"]
[Round "6"]
[White "Buchal, Stephan"]
[Black "Bergstrom, Rolf"]
[Result "1/2-1/2"]
[ECO "A10"]
[WhiteElo "2347"]
[BlackElo "2270"]
[PlyCount "30"]
[EventDate "2017.??.??"]
[EventType "swiss"]
[EventCountry "ITA"]
[SourceTitle "Acqui Terme"]
[TimeControl "40/5400+30:1800+30"]
[WhiteClock "0:38:43"]
[BlackClock "0:58:05"]

1. c4 b6 2. Nc3 Bb7 3. e4 e5 4. g3 f5 5. Bg2 Nf6 6. d3 fxe4 7. Nge2 Nc6 8. dxe4 Bc5 9. h3 O-O 10. O-O Nd4 11. Be3 Nxe2+ 12. Qxe2 d6 13. Rad1 Qe8 14. Nd5 Nxd5 15. exd5 Qg6 1/2-1/2